 Dungeon Crawl Stone Soup version 0.22-a0-362-g535178c (webtiles) character file.

33 4thArraOfDagon the Grave Robber (level 3, -4/14 HPs)
             Began as a Felid Necromancer on Apr 19, 2018.
             Slain by an adder (5 damage)
             ... on level 3 of the Dungeon.
             The game lasted 00:01:49 (437 turns).

4thArraOfDagon the Grave Robber (Felid Necromancer)  Turns: 437, Time: 00:01:50

Health: -4/14      AC:  1    Str:  4    XL:     3   Next: 12%
Magic:  0/8        EV: 18    Int: 17    God:
Gold:   59         SH:  0    Dex: 16    Spells: 6/7 levels left
                                        Lives:  0   Deaths: 0

rFire    x . .     SeeInvis +   (weapon unavailable)
rCold    + . .     Gourm    .   (shield unavailable)
rNeg     . . .     Faith    .   (armour unavailable)
rPois    .         Spirit   .   (helmet unavailable)
rElec    .         Reflect  .   (cloak unavailable)
rCorr    .         Harm     .   (gloves unavailable)
MR       .....                  (boots unavailable)
Stlth    +++.......             (no amulet)
HPRegen  0.04/turn              c - ring of ice
MPRegen  0.11/turn              (no ring)

@: quick
A: very small, no armour, no weapons or thrown items, stealth, claws 1, fangs 3,
see invisible, carnivore, speed 1, shaggy fur 1, slow metabolism 1, sharp paws
a: no special abilities


You were on level 3 of the Dungeon.
You were not hungry.

You visited 1 branch of the dungeon, and saw 3 of its levels.

You collected 59 gold pieces.

Inventory:

Jewellery
 c - a ring of ice (left paw)
Comestibles
 b - 2 rations


   Skills:
 - Level 2.6 Dodging
 - Level 2.6 Stealth
 + Level 2.8 Spellcasting
 + Level 4.5 Necromancy


You had 6 spell levels left.
You knew the following spells:

 Your Spells              Type           Power        Failure   Level  Hunger
a - Pain                  Necr           ###.         2%          1    #......


Dungeon Overview and Level Annotations

Branches:
Dungeon (3/15)

Altars:
Gozag

Annotations:
D:2 Sigmund


Innate Abilities, Weirdness & Mutations

You cannot wear armour.
You are incapable of wielding weapons or throwing items.
Your paws allow you to move quietly. (Stealth)
You have sharp claws.
You have razor-sharp teeth.
You have supernaturally acute eyesight. (SInv)
You are carnivorous and can eat meat at any time.
You cover ground quickly.
You are covered in fur. (AC +1)
You have a slow metabolism.
Your sharp claws are effective at attacking unaware monsters.


Message History

Press: ? - help, Shift-Dir - straight line, f/p - adder
Aim: an adder (lightly wounded, chance to defeat MR: 82%)
The adder writhes in agony!
The adder misses you.
Unknown command.
Unknown command.
Unknown command.
Unknown command.
Unknown command.
Unknown command.
Unknown command.
Unknown command.
Unknown command.
Unknown command.
Casting: Pain (safe; 2% risk of failure)
Confirm with . or Enter, or press ? or * to list all spells.
Aiming: Pain (safe; 2% risk of failure)
Press: ? - help, Shift-Dir - straight line, f/p - adder
Aim: an adder (severely wounded, chance to defeat MR: 82%)
The adder writhes in agony!
The adder bites you.
You die...

#.##...........#
####.##........(..###
...#.##......#.#.....
...#..†......._.....
...#.##......#.#...#
S....##........#.#.. #
..............## .##.#
............K####....#
.[...###.......S@....#
.....# #.#####.####..#
.....# #.# #..# #
....## ... ...# ...##
.... .#..# ..#
....#...#.#. .# ..#..
.. .#... .. . ....


You could see an adder and a kobold.

Vanquished Creatures
  2 adders
  A dart slug (D:2)
  A hobgoblin (D:2)
  5 kobolds
  A quokka (D:3)
  2 bats (D:1)
  3 rats
15 creatures vanquished.

Notes
Turn   | Place    | Note
-------+----------+-------------------------------------------
     0 | D:1      | 4thArraOfDagon the Felid Necromancer began the quest for the Orb.
     0 | D:1      | Reached XP level 1. HP: 7/7 MP: 4/4
   172 | D:2      | Noticed Sigmund
   222 | D:2      | Reached XP level 2. HP: 2/11 MP: 0/6
   325 | D:3      | Found an opulent altar of Gozag.
   424 | D:3      | Reached XP level 3. HP: 1/14 MP: 2/8
   437 | D:3      | Slain by an adder

Vault maps used:
D:1:      dpeg_arrival_three_same_balls, st_stairs_2, serial_bayou_lagoon_a
D:2:      lemuel_doored_altar, grunt_temple_overflow_cloverleaf,
          okawaru_ov_weapons_minmay, uniq_sigmund
D:3:      grunt_temple_overflow_order_and_chaos_1, lemuel_crystal_altar,
          nicolae_overflow_crystal_walls, hangedman_decor_peaks_small,
          kennysheep_generic_room_10

Action                   || total
-------------------------++-------
 Cast: Pain              ||    33
  Use: Scroll            ||     1
       Potion            ||     1
  Eat: Chunk             ||     2
Dodge: Dodged            ||     4

Table legend:
 A = Spawn XP
 B = Non-spawn XP
 C = Spawn XP percentage of total XP
 D = Spawn monster count
 E = Non-spawn monster count
 F = Spawn count percentage of total count
 G = Total turns spent on level
                    A         B        C        D         E        F      G
               +---------+---------+-------+---------+---------+-------+---------
         Total |       0 |      48 |   0.0 |       0 |      15 |   0.0 |   437
               +---------+---------+-------+---------+---------+-------+---------
           D:1 |       0 |       9 |   0.0 |       0 |       7 |   0.0 |   172
           D:2 |       0 |      22 |   0.0 |       0 |       5 |   0.0 |   150
           D:3 |       0 |      17 |   0.0 |       0 |       3 |   0.0 |   115
               +---------+---------+-------+---------+---------+-------+---------
